 Dungeon Crawl Stone Soup version 0.30.0-29-ga12c61a403 (webtiles) character file.

Game seed: 2772607705909510229

54 LynnLen the Sneak (level 3, -3/16 HPs)
             Began as a Spriggan Enchanter on June 15, 2023.
             Shot with a sling bullet by a goblin (8 damage)
             ... on level 3 of the Dungeon.
             The game lasted 00:09:32 (2519 turns).

LynnLen the Sneak (Spriggan Enchanter)              Turns: 2519, Time: 00:09:33

Health: -3/16      AC:  2    Str:  4    XL:     3   Next: 66%
Magic:  6/8        EV: 17    Int: 18    God:
Gold:   144        SH:  0    Dex: 15    Spells: 6/8 levels left

rFire   . . .        a - +1 dagger
rCold   . . .        (no shield)
rNeg    . . .        b - +0 robe
rPois   .            (helmet restricted)
rElec   .            (no cloak)
rCorr   .            (gloves unavailable)
SInv    +            (boots unavailable)
Will    .....        (no amulet)
Stlth   +++          (no ring)
HPRegen 0.22/turn    (no ring)
MPRegen 0.11/turn

%: no passive effects
@: very quick
A: very small, no large weapons, unfitting armour, see invisible, speed 3
a: no special abilities


You were on level 3 of the Dungeon.
You visited 1 branch of the dungeon, and saw 3 of its levels.

You collected 144 gold pieces.

Inventory:

Hand Weapons
 a - a +1 dagger (weapon)
Missiles
 d - 28 stones (quivered)
 g - 4 poisoned darts
 k - 2 throwing nets
Armour
 b - a +0 robe (worn)
Jewellery
 e - a +4 ring of slaying
Wands
 j - a wand of acid (12)
Scrolls
 h - a scroll of identify
 l - a scroll of magic mapping {unknown}
Potions
 c - 2 potions of invisibility
 f - 2 potions of might
 i - a potion of degeneration
 m - a potion of curing {unknown}


   Skills:
 - Level 1.1 Short Blades
 - Level 2.6 Dodging
 + Level 5.6 Stealth
 + Level 3.2 Spellcasting
 + Level 4.5 Hexes
 * Level 0.8 Evocations


You had 6 spell levels left.
You knew the following spells:

 Your Spells              Type           Power      Damage    Failure   Level
a - Ensorcelled Hibernat  Hex/Ice        22%        N/A       10%         2

Your spell library contained the following spells:

 Spells                   Type           Power      Damage    Failure   Level
 Confusing Touch          Hex            19%        N/A       8%          3
 Tukima's Dance           Hex            19%        N/A       8%          3
 Dazzling Flash           Conj/Hex       22%        N/A       19%         3


Dungeon Overview and Level Annotations

Branches:
Dungeon (3/15)

Altars:

Shops:
D:1 :*


Innate Abilities, Weirdness & Mutations

You are very small and have problems with some larger weapons.
You are too small for most types of armour.
You have supernaturally acute eyesight. (SInv)
You cover ground extremely quickly. (Speed+++)


Message History

You hit the dart slug.
The dart slug is heavily wounded.
The dart slug bites you.
You hit the dart slug but do no damage.
The dart slug is heavily wounded.
You hit the dart slug.
The dart slug is heavily wounded.
The dart slug launches a dart at you. The slug dart misses you.
You hit the dart slug.
You kill the dart slug!
A rat comes into view.
A goblin comes into view. It is wielding a +0 dagger.
You see here a ring of protection from fire.
The goblin unwields a +0 dagger.
The goblin wields a +4 sling.
The goblin shoots a sling bullet.
The sling bullet closely misses you.
The goblin shoots a sling bullet.
The sling bullet closely misses you.
The goblin shoots a sling bullet.
The sling bullet hits you!
Ouch! That really hurt!
You closely miss the rat. The rat bites you.
You closely miss the rat. The rat closely misses you.
You hit the rat.
The rat is severely wounded.
The rat bites you.
You hit the rat.
You kill the rat!
The goblin unwields a +4 sling.
The goblin wields a +0 dagger.
The goblin hits you with a +0 dagger.
* * * LOW HITPOINT WARNING * * *
The goblin unwields a +0 dagger.
The goblin wields a +4 sling.
The goblin shoots a sling bullet.
The sling bullet misses you.
Casting: Ensorcelled Hibernation (safe; 10% risk of failure)
Confirm with . or Enter, or press ? or * to list all spells.
Aiming: Ensorcelled Hibernation (safe; 10% risk of failure)
Press: ? - help, Shift-Dir - straight line, f - goblin
Aim: a goblin, wielding a +4 sling (chance to affect: 62%)
The goblin resists with significant effort.
The goblin shoots a sling bullet.
The sling bullet hits you!
Ouch! That really hurt!
You die...

.............. .# .. ..
........#.... #.. #.# #.
.........g.# #.#...
..........# ........#.# ...##
...........# .........
##.#.#. .........=.#
........# #..#...
...........# .......# #.#.#.
#..........######.....#
#...#. ..........g..@.#..#..#
##.#.#.
.##.......####.....#.#
#..#... #.......# ###.....##
#.#.#. ##.......####........#
#...##
#.............#.####.###.#...
...........#.>....#
#.##..##.#
####.......#......#
#..##..... #########......#
##..##.### #......# ##.......


You could see a goblin.

Vanquished Creatures
  An adder (D:2)
  5 dart slugs
  3 bats (D:1)
  2 endoplasms (D:2)
  6 goblins
  3 hobgoblins (D:1)
  3 jackals (D:1)
  2 ball pythons
  3 frilled lizards (D:1)
  3 kobolds (D:1)
  4 rats
35 creatures vanquished.

Notes
Turn   | Place    | Note
-------+----------+-------------------------------------------
     0 | D:1      | LynnLen the Spriggan Enchanter began the quest for the Orb.
     0 | D:1      | Reached XP level 1. HP: 9/9 MP: 5/5
    40 | D:1      | Found Poopam Juph's Book Emporium.
   282 | D:1      | Reached XP level 2. HP: 12/13 MP: 6/6
   751 | D:1      | Found Qeamurao's Assorted Antiques.
   757 | D:1      | Reached skill level 5 in Stealth
   764 | D:1      | Learned a level 2 spell: Ensorcelled Hibernation
   830 | D:1      | Reached XP level 3. HP: 13/16 MP: 5/8
  1620 | D:2      | Found a faded altar of an unknown god.
  2519 | D:3      | Shot with a sling bullet by a goblin

Illustrated notes

Levels and vault maps discovered:
D:1:      dpeg_arrival_rooms_b, layout_loops_corners, serial_shops, shop, shop
D:2:      layout_basic, shapermc_ecumenical_altar_petra, minmay_misc_feat_iff
D:3:      layout_rooms, bloody_makhleb, serial_shops, nicolae_shop_waterfront,
          hex_large, nicolae_concentric_dashed_squares_wild

Skill      XL: |  1  2 |
---------------+-------+-----
Hexes          | 4 |  4.5
Stealth        | 5 |  5.6
Spellcasting   | 3 |  3.2
Short Blades   | |  1.1
Dodging        | |  2.6
Evocations     | |  0.8

Action                     || total
---------------------------++-------
  Melee: Dagger            ||   153
         Punch             ||     1
   Cast: Ensorcelled Hiber ||     8
    Use: Scroll            ||     2
   Stab: Sleeping          ||    12
 Armour: Robe              ||    12
  Dodge: Dodged            ||    93
